 Dungeon Crawl Stone Soup version 0.30.1-9-gdf580d7c3d (webtiles) character file.

Game seed: 18146421341801017283

91 fireball365 the Chopper (level 4, 0/40 HPs)
             Began as a Hill Orc Fighter on Oct 8, 2023.
             Slain by Crazy Yiuf
             ... wielding a +4 quarterstaff of chaos
              (16 damage)
             ... on level 2 of the Dungeon.
             The game lasted 00:02:53 (1714 turns).

fireball365 the Chopper (Hill Orc Fighter)          Turns: 1714, Time: 00:02:54

Health: 0/40       AC:  7    Str: 20    XL:     4   Next: 57%
Magic:  4/4        EV:  9    Int:  8    God:
Gold:   77         SH:  4    Dex: 10    Spells: 3/3 levels left

rFire   . . .        a - +0 war axe
rCold   . . .        c - +0 buckler
rNeg    . . .        b - +0 scale mail
rPois   .            (no helmet)
rElec   .            (no cloak)
rCorr   .            (no gloves)
SInv    +            (no boots)
Will    .....        e - amulet of magic regeneration Stlth
                     p - ring of see invisible
HPRegen 0.26/turn    (no ring)
MPRegen 0.49/turn

%: no passive effects
@: no status effects
A: no striking features
a: no special abilities


You were on level 2 of the Dungeon.
You visited 1 branch of the dungeon, and saw 2 of its levels.

You collected 77 gold pieces.

Inventory:

Hand Weapons
 a - a +0 war axe (weapon)
Missiles
 i - 3 poisoned darts (quivered)
Armour
 b - a +0 scale mail (worn)
 c - a +0 buckler (worn)
Jewellery
 e - an amulet of magic regeneration (around neck)
 p - a ring of see invisible (left hand)
Wands
 o - a wand of digging (6)
Scrolls
 h - a scroll of amnesia {unknown}
 j - a scroll of identify {unknown}
 k - a scroll of enchant armour {unknown}
 n - a scroll of immolation {unknown}
Potions
 d - a potion of might
 g - 3 potions of lignification {unknown}
 l - a potion of curing {unknown}
 m - 2 potions of attraction {unknown}


   Skills:
 - Level 4.0 Fighting
 + Level 4.2 Axes
 + Level 4.1 Armour
 + Level 0.2 Dodging
 + Level 0.3 Stealth
 + Level 3.8 Shields


You had 3 spell levels left.
You didn't know any spells.
Your spell library contained the following spells:

 Spells                   Type           Power      Damage    Failure   Level
 Leda's Liquefaction      Hex/Erth       0%         N/A       100%        4
 Lee's Rapid Deconstruct  Erth           0%         3d4*      100%        5
 Summon Forest            Summ/Tloc      0%         N/A       100%        5
 Eringya's Noxious Bog    Tmut/Pois      0%         N/A       100%        6
 Statue Form              Tmut/Erth      0%         N/A       100%        6
 Summon Hydra             Summ           0%         N/A       100%        7


Dungeon Overview and Level Annotations

Branches:
Dungeon (2/15)

Altars:

Annotations:
D:2 Crazy Yiuf


Message History

As you open the door, it creaks loudly!
You see here a ball python corpse.
You open the door.
There is an open door here.
Crazy Yiuf shouts!
Crazy Yiuf cries, "Announcement disdain disdain!"
p - a ring of see invisible (left hand)
You start putting on your amulet.
You continue putting on your amulet of magic regeneration.
Crazy Yiuf whimpers, "Walk!"
You continue putting on your amulet of magic regeneration. x2
Crazy Yiuf flaps his cloak.
You continue putting on your amulet of magic regeneration. x2
Crazy Yiuf grits, "Leather!"
You finish putting on your amulet of magic regeneration.
e - an amulet of magic regeneration (around neck)
As you read the scroll labelled WUYVEI ENUER, it crumbles to dust.
You hear a loud clanging noise!
It was a scroll of noise.
You open the door. You hit Crazy Yiuf.
Crazy Yiuf is lightly wounded.
Crazy Yiuf hits you with a +4 quarterstaff of chaos!
Crazy Yiuf burns you.
You hit Crazy Yiuf.
Crazy Yiuf is moderately wounded.
Crazy Yiuf completely misses you.
Crazy Yiuf hits you with a +4 quarterstaff of chaos.
You slash Crazy Yiuf!
Crazy Yiuf is severely wounded.
Crazy Yiuf twirls on the spot.
Crazy Yiuf hits you with a +4 quarterstaff of chaos.
Crazy Yiuf burns you.
You hit Crazy Yiuf but do no damage.
Crazy Yiuf is severely wounded.
Crazy Yiuf barely misses you.
You hit Crazy Yiuf.
Crazy Yiuf is almost dead.
Crazy Yiuf hits you with a +4 quarterstaff of chaos! x2
You die...

##...###....#
#..### #....# #.##
#....# #.# #...##
###.# ##.## #...#
#.## #[..# ##.#
#####...#### #.##
#...#......# ##@#
#.#..#+##### #g#
#.##...#...# ...
#..##..#.#.# #...#
....##.#.#.# #..)#
.♣.....#.#.# #####
....##.#.#<#
#..##..#.##########
#.##............[>#


You could see Crazy Yiuf.

Vanquished Creatures
  Jessica (D:2)
  3 adders (D:2)
  A dart slug (D:2)
  4 ball pythons
  4 endoplasms
  2 giant cockroaches
  3 hobgoblins (D:2)
  A quokka (D:1)
  4 bats
  4 frilled lizards
  5 goblins
  5 rats
37 creatures vanquished.

Notes
Turn   | Place    | Note
-------+----------+-------------------------------------------
     0 | D:1      | fireball365 the Hill Orc Fighter began the quest for the
                  | Orb.
     0 | D:1      | Reached XP level 1. HP: 19/19 MP: 1/1
   282 | D:1      | Reached XP level 2. HP: 27/27 MP: 2/2
   902 | D:2      | Found a faded altar of an unknown god.
   951 | D:2      | Reached XP level 3. HP: 33/33 MP: 3/3
  1211 | D:2      | Noticed Jessica
  1220 | D:2      | Killed Jessica
  1221 | D:2      | Reached XP level 4. HP: 13/40 MP: 4/4
  1456 | D:2      | Found a runed translucent door.
  1457 | D:2      | Noticed Crazy Yiuf
  1714 | D:2      | Slain by Crazy Yiuf

Illustrated notes

Levels and vault maps discovered:
D:1:      dpeg_arrival_rooms_b, layout_basic
D:2:      layout_basic, shapermc_ecumenical_altar_acropolis,
          minmay_misc_feat_chi, kennysheep_doodads, grunt_ministairs_15,
          uniq_jessica, uniq_crazy_yiuf_cottage

Skill      XL: |  1  2  3 |
---------------+----------+-----
Fighting       | 4 |  4.0
Axes           | 3 4 |  4.2
Armour         | 4 |  4.1
Dodging        | |  0.2
Stealth        | |  0.3
Shields        | |  3.8

Action                     |  1- 3 |  4- 6 || total
---------------------------+-------+-------++-------
  Melee: War axe           |    74 |    17 ||    91
    Use: Scroll            |       |     1 ||     1
 Armour: Scale mail        |    50 |    13 ||    63
  Dodge: Dodged            |    40 |     8 ||    48
  Block: Buckler           |    19 |     3 ||    22
